 Dungeon Crawl Stone Soup version 0.18.1-48-g4cf74bf (webtiles) character file.

679 MTVSty1e the Skirmisher (level 7, -1/87 HPs)
             Began as a Formicid Fighter on Aug 22, 2016.
             Was an Initiate of Okawaru.
             Slain by an orc warrior
             ... wielding a +0 battleaxe
              (12 damage)
             ... on level 5 of the Dungeon.
             The game lasted 00:10:55 (3579 turns).

MTVSty1e the Skirmisher (Formicid Fighter)          Turns: 3579, Time: 00:10:55

Health: -1/87      AC: 23    Str: 23    XL:     7   Next: 92%
Magic:  7/7        EV:  2    Int:  7    God:    Okawaru [......]
Gold:   302        SH: 11    Dex: 10    Spells: 0 memorised, 6 levels left

rFire  + . .     SeeInvis .     d - +2 quarterstaff (chaos)
rCold  + . .     Gourm    .     (armour currently unavailable)
rNeg   + + +     Faith    .     c - +1 shield
rPois  +         Spirit   .     (helmet unavailable)
rElec  +         Dismiss  .     (cloak currently unavailable)
rCorr  +         Reflect  .     (gloves currently unavailable)
SustAt .         Harm     .     (boots currently unavailable)
MR     .....                    (no amulet)
Stlth  +.........               (no ring)
                                (no ring)

@: tree-form, resistant, very slightly contaminated, not resistant to hostile
enchantments, very unstealthy
A: permanent stasis, dig shafts and tunnels, four strong arms, (antennae 0)
a: Renounce Religion


You were on level 5 of the Dungeon.
You worshipped Okawaru.
Okawaru was noncommittal.
You were not hungry.
You were a tree.
You visited 2 branches of the dungeon, and saw 6 of its levels.

You collected 302 gold pieces.

Inventory:

Hand Weapons
 d - a +2 quarterstaff of chaos (weapon)
Armour
 b - a +0 scale mail (melded)
 c - a +1 shield (worn)
 q - a +0 pair of gloves (melded)
 u - a +0 cloak of magic resistance (melded)
Wands
 a - a wand of slowing (21/48)
 t - a wand of paralysis (6/24)
Scrolls
 e - a scroll of recharging {unknown}
 f - a scroll of blinking {unknown}
 g - 5 scrolls of identify
 i - 2 scrolls of fog {unknown}
 k - 2 scrolls of remove curse
 m - 3 scrolls of amnesia
 v - a scroll of fear {unknown}
Potions
 l - a potion of flight
 s - a potion of lignification
Comestibles
 p - 2 meat rations
 r - 2 bread rations


   Skills:
 * Level 6.0 Fighting
 + Level 3.8 Staves
 + Level 5.1 Armour
 + Level 2.5 Dodging
 + Level 5.0 Shields


You had 6 spell levels left.
You didn't know any spells.

Dungeon Overview and Level Annotations

Branches:
Dungeon (5/15)             Temple (1/1) D:4

Altars:
Ashenzari
Gozag
Kikubaaqudgha
Makhleb
Nemelex Xobeh
Okawaru
Pakellas
Ru
Vehumet
Yredelemnul
The Shining One

Annotations:
D:5 UnlimitedFusion's ghost, novice FoFi


Innate Abilities, Weirdness & Mutations

You are under a permanent stasis effect.
You can dig through walls and to a lower floor.
Your four strong arms can wield two-handed weapons with a shield.
((You have a pair of large antennae on your head (SInv).))


Message History

UnlimitedFusion's ghost says, "I was once a great warrior, and I still am!"
You block UnlimitedFusion's ghost's attack.
You are too injured to fight recklessly!
Drink which item? (? for menu, Esc to quit)
It was a potion of haste.
Your stasis keeps you stable.
The orc warrior hits you but does no damage.
You block the orc's attack.
You block UnlimitedFusion's ghost's attack.
You sock the orc!
There is a sudden explosion of sparks!
You kill the orc!
Okawaru accepts your kill. You block the orc's attack.
The orc warrior hits you but does no damage.
UnlimitedFusion's ghost hits you!
* * * LOW HITPOINT WARNING * * *
The orc hits you but does no damage.
You closely miss the orc warrior.
The orc warrior is moderately wounded.
The orc warrior hits you with a battleaxe!
You die...

######.#.#.######........#
#.#.#.#..{....#####.#
#.#.#.#.####..# #.#
#.#.#.#.# #..# #.#
##.#.#.#.####..# ##.#####
#....#......#..# ##.......
#....##...#.#.>###...#####
#.......)oW....<...!.####
####.##..♣#..#..........#
######.##..o#..#######.##.##
{ #...........#..# #.##...
{######.##...#..# #.....#
#..........##..# #######...#
{######.........#
#....(....# #.###.##.##
#.#####..## #.#
#.##.####.#####..#
###.###................#


You could see an orc warrior, UnlimitedFusion's ghost and an orc.

Vanquished Creatures
  Sigmund (D:4)
  A hog (D:4)
  A hound (D:5)
  Crazy Yiuf (D:3)
  Ijyb (D:3)
  2 worker ants
  An orc wizard (D:4)
  Robin (D:3)
  5 gnolls
  7 adders
  An adder zombie (D:5)
  2 worms
  3 dart slugs
  3 giant geckos
  7 orcs
  6 bats
  2 giant cockroaches
  14 goblins
  7 hobgoblins
  7 jackals
  A quokka (D:3)
  2 ball pythons (D:3)
  4 giant newts
  8 kobolds
  2 rats (D:1)
  A spectral orc (D:2)
91 creatures vanquished.

Notes
Turn   | Place    | Note
--------------------------------------------------------------
     0 | D:1      | MTVSty1e the Formicid Fighter began the quest for the Orb.
     0 | D:1      | Reached XP level 1. HP: 18/18 MP: 1/1
    71 | D:1      | Reached XP level 2. HP: 4/24 MP: 2/2
   532 | D:1      | Reached XP level 3. HP: 28/29 MP: 3/3
   900 | D:2      | Reached skill level 1 in Dodging
   900 | D:2      | Reached XP level 4. HP: 37/37 MP: 4/4
   970 | D:2      | Reached skill level 4 in Fighting
   994 | D:2      | Found a basalt altar of Yredelemnul.
  1342 | D:3      | Noticed Ijyb
  1350 | D:3      | Killed Ijyb
  1350 | D:3      | Reached XP level 5. HP: 42/42 MP: 5/5
  1378 | D:3      | Noticed Robin
  1417 | D:3      | Killed Robin
  2199 | D:3      | Noticed Crazy Yiuf
  2206 | D:3      | Killed Crazy Yiuf
  2206 | D:3      | Reached XP level 6. HP: 48/50 MP: 4/6
  2318 | D:4      | Noticed Sigmund
  2320 | D:4      | Noticed an ogre
  2327 | D:4      | Killed Sigmund
  2327 | D:4      | Reached skill level 5 in Fighting
  2331 | D:4      | Noticed a hog
  2331 | D:4      | an ogre changed into a hog
  2340 | D:4      | Killed a hog
  2340 | D:4      | Reached XP level 7. HP: 32/57 MP: 7/7
  2594 | D:4      | Reached skill level 5 in Shields
  2724 | D:4      | Found a staircase to the Ecumenical Temple.
  2811 | Temple   | Entered the Ecumenical Temple
  2973 | Temple   | Became a worshipper of Warmaster Okawaru
  3032 | D:4      | Reached skill level 5 in Armour
  3397 | D:5      | Entered Level 5 of the Dungeon
  3479 | D:5      | Reached skill level 6 in Fighting
  3568 | D:5      | Noticed UnlimitedFusion's ghost (novice FoFi)
  3570 | D:5      | HP: 2/58 [orc/hand axe (5)]
  3579 | D:5      | Slain by an orc warrior

Skill      XL: |  1  2  3  4  5  6  7 |
---------------+----------------------+-----
Shields        | 4 5 |  5.0
Dodging        | 1 2 |  2.5
Fighting       | 4 5 6 |  6.0
Armour         | 4 5 |  5.1
Staves         | 3 |  3.8

Action                   |  1- 3 |  4- 6 |  7- 9 || total
-------------------------+-------+-------+-------++-------
Melee: Quarterstaff      |    65 |   158 |    67 ||   290
 Abil: Dig               |     1 |       |       ||     1
  Use: Potion            |     1 |     2 |     6 ||     9
       Scroll            |     6 |       |       ||     6
 Stab: Invisible         |       |       |     1 ||     1
  Eat: Bread ration      |       |     1 |     1 ||     2
Armor: Scale mail        |    24 |    60 |    21 ||   105
       Skin              |       |       |    10 ||    10
Dodge: Dodged            |    19 |    56 |    16 ||    91
Block: Shield            |    25 |   100 |    56 ||   181
